 Dungeon Crawl Stone Soup version 0.19.0-22-gd96e5fe (webtiles) character file.

2950 vev the Cleaver (level 9, 0/79 HPs)
             Began as a Hill Orc Gladiator on Nov 19, 2016.
             Slain by a fire dragon (5 damage)
             ... on level 8 of the Dungeon.
             The game lasted 00:07:39 (6657 turns).

vev the Cleaver (Hill Orc Gladiator)                Turns: 6657, Time: 00:07:39

Health: 0/79       AC: 23    Str: 18    XL:     9   Next: 81%
Magic:  9/9        EV: 10    Int:  8    God:
Gold:   460        SH:  0    Dex: 14    Spells: 0 memorised, 8 levels left

rFire  . . .     SeeInvis .     a - +1 war axe
rCold  . . .     Gourm    .     L - +7 chain mail of Yzil {+Blink Slay+2}
rNeg   . . .     Faith    .     (no shield)
rPois  .         Spirit   .     c - +2 helmet
rElec  .         Reflect  .     e - +0 cloak
rCorr  .         Harm     .     (no gloves)
MR     .....                    j - +0 pair of boots
Stlth  ..........               (no amulet)
                                (no ring)
                                (no ring)

@: confused, very slightly contaminated, invisible
A: no striking features
a: Evoke Blink


You were on level 8 of the Dungeon.
You were not hungry.

You visited 2 branches of the dungeon, and saw 9 of its levels.

You collected 460 gold pieces.

Inventory:

Hand Weapons
 a - a +1 war axe (weapon)
Missiles
 d - 3 throwing nets (quivered)
Armour
 c - a +2 helmet (worn)
 e - a +0 cloak (worn)
 j - a +0 pair of boots (worn)
 L - the +7 chain mail of Yzil (worn) {+Blink Slay+2}
   (You found it on level 6 of the Dungeon)

   It affects your accuracy and damage with ranged weapons and melee attacks
   (+2).
   It lets you blink.
Jewellery
 b - an uncursed ring of poison resistance {unknown}
 O - a cursed ring of loudness {unknown}
Wands
 y - a wand of random effects (20/48)
 A - a wand of iceblast (15/15)
 C - a wand of paralysis (9/24)
Scrolls
 k - 2 scrolls of fog
 p - 2 scrolls of recharging
 v - a scroll of enchant armour
 G - a scroll of enchant weapon
Potions
 g - 2 potions of brilliance
 i - 4 potions of cancellation
 l - 3 potions of curing
 t - 2 potions of lignification
 w - a potion of agility {unknown}
 x - a potion of magic
 B - a potion of degeneration {unknown}
 J - a potion of ambrosia
 K - a potion of might {unknown}
Comestibles
 f - 5 bread rations
 h - 4 chunks of flesh
 q - 7 meat rations
 s - 9 fruits
 I - a beef jerky


   Skills:
 + Level 7.6 Fighting
 * Level 11.3 Axes
 - Level 1.7 Throwing
 + Level 6.5 Armour
 + Level 5.4 Dodging


You had 8 spell levels left.
You didn't know any spells.

Dungeon Overview and Level Annotations

Branches:
Dungeon (8/15)             Temple (1/1) D:4
   Lair: D:8-11

Altars:
Ashenzari
Cheibriados
Dithmenos
Elyvilon
Fedhas
Gozag
Hepliaklqana
Kikubaaqudgha
Nemelex Xobeh
Okawaru
Qazlal
Ru
Sif Muna
Trog
Uskayaw
Vehumet
Xom
Yredelemnul
Zin

Annotations:
D:4 vev's ghost, amateur HOGl
D:5 exclusion: statue


Message History

You are confused.
You feel invigorated.
The fire dragon bites you but does no damage.
The fire dragon claws you but does no damage.
The fire dragon tramples you but does no damage.
The fire dragon bites you!
* * * LOW HITPOINT WARNING * * *
The fire dragon closely misses you.
The fire dragon tramples you but does no damage.
You're too confused to move!
The fire dragon bites you but does no damage.
The fire dragon closely misses you. The fire dragon tramples you.
* * * LOW HITPOINT WARNING * * *
You are shoved backwards!
You closely miss the fire dragon.
The fire dragon is heavily wounded.
The fire dragon bites you!
* * * LOW HITPOINT WARNING * * *
The fire dragon claws you.
You die...

#.♣.......# #..#
#..... #♣........#
#..# #.....
#.P..♣....# #..#
#..... #.PP...♣..# #
#..# #.....
+...♣)....+ ##. +..#
###++. #♣.♣.P.).P#
##.# #. #♣...P...♣#
#..## #. #..♣......#
#..D##### #.
#.....PP..# ##..@...#
#.
#####'#########'#####
##
#.......##.#.#..#..#
#..#####..#...#..#.##
#.##...##.#...#.....#
# #...÷.#.###.....###
#.......'.........+
#....)#.###).######
##...##.#.........#


You could see a fire dragon.

Vanquished Creatures
  A mottled dragon (D:8)
  2 orc warriors (D:8)
  A sky beast (D:5)
  A black bear (D:6)
  2 phantoms
  2 centaurs
  7 ogres
  4 bullfrogs
  3 big kobolds (D:7)
  A water moccasin skeleton (D:8)
  A scorpion (D:8)
  A wight (D:8)
  3 crimson imps (D:7)
  2 hounds
  A jelly (D:7)
  2 orc priests
  4 orc wizards
  2 bullfrog skeletons
  3 iguanas
  Ijyb (D:2)
  5 worker ants
  A hound zombie (D:5)
  A worker ant zombie (D:7)
  3 gnolls (D:4)
  14 adders
  2 shadow imps
  An adder skeleton (D:7)
  2 worms
  2 dart slugs (D:1)
  A leopard gecko (D:3)
  16 orcs
  A ball python (D:3)
  9 bats
  3 giant cockroaches
  9 goblins
  4 hobgoblins (D:3)
  16 jackals
  18 kobolds
  A quokka (D:7)
  2 frilled lizards
  A jackal skeleton (D:5)
  8 rats
164 creatures vanquished.

Notes
Turn   | Place    | Note
-------+----------+-------------------------------------------
     0 | D:1      | vev the Hill Orc Gladiator began the quest for the Orb.
     0 | D:1      | Reached XP level 1. HP: 18/18 MP: 1/1
   217 | D:1      | Reached XP level 2. HP: 23/25 MP: 2/2
   360 | D:1      | Reached skill level 1 in Armour
   491 | D:1      | Reached XP level 3. HP: 28/30 MP: 3/3
   549 | D:2      | Reached skill level 3 in Fighting
   668 | D:2      | Found a white marble altar of Elyvilon.
   903 | D:2      | Reached XP level 4. HP: 27/38 MP: 4/4
   980 | D:2      | Reached skill level 5 in Axes
   986 | D:2      | Noticed Ijyb
   991 | D:2      | Killed Ijyb
   991 | D:2      | Reached skill level 2 in Armour
  1145 | D:3      | Reached XP level 5. HP: 38/45 MP: 5/5
  1146 | D:3      | Reached skill level 3 in Dodging
  1352 | D:3      | Found a hide-covered altar of Uskayaw.
  1485 | D:3      | Reached skill level 6 in Axes
  2082 | D:3      | Found a shadowy altar of Dithmenos.
  2164 | D:4      | Reached XP level 6. HP: 50/52 MP: 6/6
  2243 | D:4      | Noticed vev's ghost (amateur HOGl)
  2505 | D:4      | Found a staircase to the Ecumenical Temple.
  2521 | Temple   | Entered the Ecumenical Temple
  2888 | D:4      | Reached skill level 4 in Fighting
  3001 | D:4      | Reached skill level 3 in Armour
  3292 | D:4      | Reached skill level 7 in Axes
  3292 | D:4      | Reached XP level 7. HP: 19/60 MP: 7/7
  3627 | D:5      | Entered Level 5 of the Dungeon
  3983 | D:5      | Reached skill level 5 in Fighting
  4150 | D:5      | Found a radiant altar of Vehumet.
  4458 | D:6      | Reached skill level 8 in Axes
  4458 | D:6      | Reached skill level 4 in Armour
  4538 | D:6      | Reached skill level 4 in Dodging
  4538 | D:6      | Reached XP level 8. HP: 45/68 MP: 8/8
  4842 | D:6      | Reached skill level 9 in Axes
  4982 | D:6      | Got a brightly glowing chain mail
  4993 | D:6      | Identified the +7 chain mail of Yzil {+Blink Slay+2} (You found it on level 6 of the Dungeon)
  5271 | D:7      | Reached skill level 6 in Fighting
  5272 | D:7      | Reached skill level 5 in Armour
  5660 | D:7      | Found a deep blue altar of Sif Muna.
  5716 | D:7      | Found a sparkling altar of Nemelex Xobeh.
  5737 | D:7      | Reached skill level 10 in Axes
  5737 | D:7      | Reached XP level 9. HP: 75/77 MP: 9/9
  5911 | D:7      | Reached skill level 5 in Dodging
  6105 | D:8      | Found a hazy altar of Hepliaklqana.
  6144 | D:8      | Reached skill level 7 in Fighting
  6144 | D:8      | Reached skill level 6 in Armour
  6324 | D:8      | Reached skill level 11 in Axes
  6642 | D:8      | Noticed a fire dragon
  6657 | D:8      | HP: 5/79 [fire dragon (9)]
  6657 | D:8      | Slain by a fire dragon

Skill      XL: |  1  2  3  4  5  6  7  8  9 |
---------------+----------------------------+-----
Armour         | 1 2 3 4 5 6 |  6.5
Fighting       | 3 4 5 6 7 |  7.6
Axes           | 5 6 7 8 10 11 | 11.3
Dodging        | 3 4 5 |  5.4
Throwing       | |  1.7

Action                   |  1- 3 |  4- 6 |  7- 9 || total
-------------------------+-------+-------+-------++-------
Melee: War axe           |   104 |   184 |   344 ||   632
  Use: Scroll            |       |       |    19 ||    19
       Potion            |       |       |     3 ||     3
  Eat: Chunk             |       |     8 |     9 ||    17
       Royal jelly       |       |       |     1 ||     1
Armor: Leather armour    |     5 |       |       ||     5
       Ring mail         |     5 |       |       ||     5
       Scale mail        |    12 |       |       ||    12
       Chain mail        |    52 |   126 |   192 ||   370
Dodge: Dodged            |    67 |    88 |   177 ||   332
